 Dungeon Crawl Stone Soup version 0.21-a0-630-g344d351 (webtiles) character file.

1680 KristoblXynda the Covert (level 8, -1/37 HPs)
             Began as a Spriggan Skald on Dec 25, 2017.
             Was a Priest of Nemelex Xobeh.
             Slain by a centaur zombie (4 damage)
             ... on level 6 of the Dungeon on Dec 26, 2017.
             The game lasted 00:15:53 (7703 turns).

KristoblXynda the Covert (Spriggan Skald)           Turns: 7703, Time: 00:15:55

Health: -1/37      AC:  3    Str:  8    XL:     8   Next: 70%
Magic:  9/19       EV: 20    Int: 16    God:    Nemelex Xobeh [***...]
Gold:   419        SH:  0    Dex: 15    Spells: 13/20 levels left

rFire    . . .     SeeInvis +   a - +1 short sword
rCold    . . .     Gourm    .   (shield restricted)
rNeg     . . .     Faith    .   b - +0 robe
rPois    +         Spirit   .   (helmet restricted)
rElec    .         Reflect  .   x - +0 cloak
rCorr    .         Harm     .   (gloves unavailable)
MR       +....                  (boots unavailable)
Stlth    ++++......             (no amulet)
HPRegen  1.12/turn              k - ring of poison resistance
MPRegen  0.16/turn              n - ring of wizardry

@: regenerating, very quick
A: very small, unfitting armour, see invisible, herbivore, speed 3, slow
metabolism 2
a: Triple Draw, Renounce Religion


You were on level 6 of the Dungeon.
You worshipped Nemelex Xobeh.
Nemelex Xobeh was most pleased with you.
You were not hungry.

You visited 1 branch of the dungeon, and saw 6 of its levels.

You collected 419 gold pieces.

Inventory:

Hand Weapons
 a - a +1 short sword (weapon)
Armour
 b - a +0 robe (worn)
 x - a +0 cloak (worn)
Jewellery
 k - a ring of poison resistance (left hand)
 n - a ring of wizardry (right hand)
Scrolls
 e - a scroll of fear {unknown}
 g - a scroll of blinking
 l - a scroll of teleportation
 r - a scroll of remove curse
 v - 2 scrolls of magic mapping
Potions
 i - 2 potions of haste
 j - a potion of invisibility
 o - 2 potions of flight {unknown}
 q - 2 potions of brilliance
 s - a potion of agility {unknown}
 t - a potion of curing {unknown}
 A - a potion of might {unknown}
Books
 c - a book of Battle

   Spells                             Type                      Level
   a - Infusion                       Charms                       1
   b - Shroud of Golubria             Charms/Translocation         2
   c - Song of Slaying                Charms                       2
   d - Spectral Weapon                Hexes/Charms                 3
   e - Regeneration                   Charms/Necromancy            3
 h - a book of Necromancy

   Spells                             Type                      Level
   a - Pain                           Necromancy                   1
   b - Animate Skeleton               Necromancy                   1
   c - Vampiric Draining              Necromancy                   3
   d - Regeneration                   Charms/Necromancy            3
   e - Animate Dead                   Necromancy                   4
   f - Borgnjor's Vile Clutch         Necromancy/Earth             5
Miscellaneous
 f - a plain deck of escape {drawn: 1}
 p - a plain deck of destruction {drawn: 4}
 y - a plain deck of escape {drawn: 2}
 z - an ornate deck of destruction
Comestibles
 d - 9 rations


   Skills:
 - Level 1.5 Fighting
 + Level 6.5 Short Blades
 - Level 5.0 Dodging
 + Level 8.0 Stealth
 + Level 6.7 Spellcasting
 - Level 5.5 Charms
 + Level 4.8 Invocations


You had 13 spell levels left.
You knew the following spells:

 Your Spells              Type           Power        Failure   Level  Hunger
a - Infusion              Chrm           ###.         1%          1    None
b - Regeneration          Chrm/Necr      ##........   4%          3    ##.....
c - Spectral Weapon       Hex/Chrm       ##......     4%          3    ##.....


Dungeon Overview and Level Annotations

Branches:
Dungeon (6/15)
 Temple: D:4-7

Altars:
Ashenzari
Fedhas
Nemelex Xobeh
Okawaru
Xom

Shops:
D:4 %   D:5 *

Annotations:
D:5 2 transporters


Innate Abilities, Weirdness & Mutations

You are very small and have problems with some larger weapons.
You are too small for most types of armour.
You have supernaturally acute eyesight. (SInv)
You are a herbivore.
You cover ground extremely quickly.
You need consume almost no food.


Message History

The centaur zombie completely misses you.
You miss the fire bat.
The fire bat is heavily wounded.
The fire bat bites you.
You are engulfed in flames.
* * * LOW HITPOINT WARNING * * *
The centaur zombie barely misses you.
Your skin stops crawling.
You are no longer magically infusing your attacks.
Casting: Regeneration
Confirm with . or Enter, or press ? or * to list all spells.
Your skin crawls.
The centaur zombie misses you.
You hit the centaur zombie.
The centaur zombie is moderately damaged.
The fire bat bites you.
* * * LOW HITPOINT WARNING * * *
You are engulfed in flames.
* * * LOW HITPOINT WARNING * * *
The fire bat barely misses you. The centaur zombie hits you.
You die...
Your body glows slightly and disappears.

###........##
##...##.#
##..........##
##.###.#
##.....##...).## #.#
#.# ##......##..)...##
#.# #.#
#.......##.......###.#
#.#
........##........#..#
#.#
.......####.......#.##
#.# ......##
##......#.# #.#
..##### #####@.+.#
#.## .)#####
#####Zb+.# #..#
......## ##......###
##.#
.......####.......#
#.#
........##........#
#.#
#.......##.......##
#.# ##......##......##
#.# ###.....##.....##
#.# ####..........##
#.#


You could see a fire bat and a centaur zombie.

Vanquished Creatures
  The ghost of Lanoc the Poker, an amateur MfMo (D:4)
  The ghost of Gaball the Archer, an amateur DEHu (D:3)
  A fire bat (D:6)
  A water moccasin (D:6)
  A phantom (D:4)
  3 ogres
  A centaur (D:6)
  A water moccasin zombie (D:5)
  A scorpion (D:5)
  4 wights (D:6)
  2 crimson imps
  Crazy Yiuf (D:3)
  An iguana (D:6)
  Robin (D:4)
  7 adders
  An adder skeleton (D:5)
  4 worms
  5 dart slugs
  8 leopard geckos
  An orc (D:3)
  6 bats
  5 giant cockroaches
  9 goblins
  16 hobgoblins
  11 jackals
  5 kobolds
  4 quokkas
  A ball python (D:3)
  4 frilled lizards
  14 rats
121 creatures vanquished.

Vanquished Creatures (others)
  A wight (D:6)
  4 toadstools (D:1)
5 creatures vanquished.

Grand Total: 126 creatures vanquished

Notes
Turn   | Place    | Note
-------+----------+-------------------------------------------
     0 | D:1      | KristoblXynda the Spriggan Skald began the quest for the Orb.
     0 | D:1      | Reached XP level 1. HP: 10/10 MP: 5/5
    20 | D:1      | Found a sparkling altar of Nemelex Xobeh.
    52 | D:1      | Became a worshipper of Nemelex Xobeh the Trickster
   129 | D:1      | Received a gift from Nemelex Xobeh
   132 | D:1      | Reached XP level 2. HP: 12/14 MP: 6/6
   897 | D:1      | Reached skill level 5 in Charms
  1075 | D:2      | Reached XP level 3. HP: 8/18 MP: 5/8
  1629 | D:2      | Learned a level 3 spell: Regeneration
  1633 | D:2      | Learned a level 3 spell: Spectral Weapon
  2014 | D:2      | Reached XP level 4. HP: 22/22 MP: 4/9
  2048 | D:3      | Received a gift from Nemelex Xobeh
  2236 | D:3      | Reached skill level 5 in Dodging
  2236 | D:3      | Reached skill level 1 in Stealth
  2292 | D:3      | Reached * piety under Nemelex Xobeh
  2476 | D:3      | Noticed Gaball's ghost (amateur DEHu)
  2517 | D:3      | Killed Gaball's ghost
  2517 | D:3      | Reached skill level 3 in Stealth
  2517 | D:3      | Reached skill level 1 in Invocations
  2517 | D:3      | Reached XP level 5. HP: 15/25 MP: 2/11
  2517 | D:3      | Reached XP level 6. HP: 19/30 MP: 2/12
  3058 | D:3      | Noticed Sigmund
  3062 | D:3      | Noticed Sigmund
  3062 | D:3      | Sigmund changed into Sigmund the adder
  3068 | D:3      | Killed Sigmund the adder
  3089 | D:3      | Found a runed door.
  3093 | D:3      | Noticed Crazy Yiuf
  3102 | D:3      | Killed Crazy Yiuf
  3344 | D:4      | Reached skill level 4 in Stealth
  3486 | D:4      | Received a gift from Nemelex Xobeh
  3497 | D:4      | Noticed Robin
  3511 | D:4      | Noticed Lanoc's ghost (amateur MfMo)
  3808 | D:4      | Reached XP level 7. HP: 14/33 MP: 4/14
  3884 | D:4      | Killed Lanoc's ghost
  3884 | D:4      | Reached skill level 5 in Short Blades
  3884 | D:4      | Reached skill level 5 in Stealth
  3884 | D:4      | Reached skill level 5 in Spellcasting
  4747 | D:4      | Reached ** piety under Nemelex Xobeh
  4749 | D:4      | Found Suonuare's Food Boutique.
  4756 | D:4      | Received a gift from Nemelex Xobeh
  5103 | D:4      | Killed Robin
  5394 | D:5      | Entered Level 5 of the Dungeon
  5419 | D:5      | Found a transporter.
  5463 | D:5      | Found a transporter.
  5479 | D:5      | Found Pialot's Assorted Antiques.
  5530 | D:5      | Reached skill level 6 in Stealth
  5541 | D:5      | Found a blossoming altar of Fedhas.
  5625 | D:5      | Found an iron altar of Okawaru.
  5799 | D:5      | Found a shimmering altar of Xom.
  6108 | D:6      | Reached XP level 8. HP: 14/37 MP: 15/17
  6446 | D:6      | Received a gift from Nemelex Xobeh
  6523 | D:6      | Found a shattered altar of Ashenzari.
  6555 | D:6      | HP: 1/37 [centaur (7)]
  6932 | D:6      | Reached skill level 7 in Stealth
  6973 | D:6      | Reached *** piety under Nemelex Xobeh
  7679 | D:6      | Reached skill level 8 in Stealth
  7703 | D:6      | Slain by a centaur zombie

Vault maps used:
D:1:      ldierk_walled_garden_2, nemelex_xobeh_ov_fountains_minmay
D:3:      first_ration, dk_noncrumbling_3, kennysheep_generic_room_4,
          uniq_crazy_yiuf_cottage, uniq_sigmund
D:4:      serial_shops, shop, uniq_robin
D:5:      gammafunk_steamed_eel, led_xom_imps, okawaru_ov_weapons_minmay,
          lemuel_coloured_pillars_altar, serial_shops, shop
D:6:      kennysheep_cross_room, minmay_misc_feat_encased, lemuel_tele_altar

Skill      XL: |  1  2  3  4  5  6  7  8 |
---------------+-------------------------+-----
Dodging        | 4 5 |  5.0
Charms         | 5 |  5.5
Short Blades   | 3 4 5 6 |  6.5
Stealth        | 3 4 6 8 |  8.0
Spellcasting   | 3 4 5 6 |  6.7
Invocations    | 1 2 3 4 |  4.8
Fighting       | |  1.5

Action                   |  1- 3 |  4- 6 |  7- 9 || total
-------------------------+-------+-------+-------++-------
Melee: Short sword       |   174 |   208 |   278 ||   660
 Cast: Infusion          |     6 |    11 |    12 ||    29
       Regeneration      |       |     1 |    10 ||    11
       Spectral Weapon   |       |     1 |       ||     1
Evoke: Deck              |       |     6 |    13 ||    19
  Use: Potion            |       |     2 |     2 ||     4
       Scroll            |       |     1 |    12 ||    13
 Stab: Sleeping          |     3 |     7 |     7 ||    17
       Distracted        |       |       |     1 ||     1
  Eat: Ration            |       |     1 |     3 ||     4
Armor: Robe              |    30 |    15 |    21 ||    66
Dodge: Dodged            |   198 |   136 |   238 ||   572

Table legend:
 A = Spawn XP
 B = Non-spawn XP
 C = Spawn XP percentage of total XP
 D = Spawn monster count
 E = Non-spawn monster count
 F = Spawn count percentage of total count
 G = Total turns spent on level
                    A         B        C        D         E        F      G
               +---------+---------+-------+---------+---------+-------+---------
         Total |       0 |    2400 |   0.0 |       0 |     122 |   0.0 |  7703
               +---------+---------+-------+---------+---------+-------+---------
           D:1 |       0 |      36 |   0.0 |       0 |      18 |   0.0 |  1044
           D:2 |       0 |      70 |   0.0 |       0 |      25 |   0.0 |  1004
           D:3 |       0 |     357 |   0.0 |       0 |      29 |   0.0 |  1278
           D:4 |       0 |     627 |   0.0 |       0 |      29 |   0.0 |  2068
           D:5 |       0 |     219 |   0.0 |       0 |       7 |   0.0 |   446
           D:6 |       0 |    1091 |   0.0 |       0 |      14 |   0.0 |  1863
               +---------+---------+-------+---------+---------+-------+---------
